 Dungeon Crawl Stone Soup version 0.29.1-1-gd02db6906a (webtiles) character file.

Game seed: 16242919628890145394

74 hawla the Digger (level 4, 0/33 HPs)
             Began as a Meteoran Earth Elementalist on Oct 12, 2022.
             Slain by a black bear (2 damage)
             ... on level 3 of the Dungeon.
             The game lasted 00:05:23 (1688 turns).

hawla the Digger (Meteoran Earth Elementalist)      Turns: 1688, Time: 00:05:24

Health: 0/33       AC:  2    Str:  9    XL:     4   Next: 84%
Magic:  10/11      EV: 12    Int: 19    God:
Gold:   121        SH:  0    Dex: 14    Spells: 8/11 levels left

rFire   . . .      SeeInvis .   k - +3 short sword
rCold   . . .      Faith    .   (no shield)
rNeg    . . .      Spirit   .   a - +0 robe
rPois   .          Reflect  .   (no helmet)
rElec   .          Harm     .   (no cloak)
rCorr   .          Rampage  .   (no gloves)
Will    .....                   (no boots)
Stlth   +.........              e - amulet of regeneration
HPRegen 0.91/turn               l - ring of flight
MPRegen 0.12/turn               (no ring)

@: flying, glowing, bezotted
A: sense surroundings 1, otherworldly, glowing, explore regen, talons 1,
inability to read after injury 1
a: no special abilities


You were on level 3 of the Dungeon.
You visited 1 branch of the dungeon, and saw 3 of its levels.

You collected 121 gold pieces.

Inventory:

Hand Weapons
 k - a +3 short sword (weapon)
Missiles
 n - 3 javelins
Armour
 a - a +0 robe (worn)
Jewellery
 e - an amulet of regeneration (around neck)
 l - a ring of flight (left hand)
Wands
 o - a wand of digging (6)
Scrolls
 c - a scroll of blinking
 d - 4 scrolls of identify
 m - a scroll of torment {unknown}
Potions
 b - a potion of magic
 f - a potion of ambrosia {unknown}
 g - a potion of lignification {unknown}
 h - a potion of resistance {unknown}
 i - a potion of haste {unknown}
 j - a potion of curing {unknown}


   Skills:
 + Level 0.1 Fighting
 + Level 2.7 Dodging
 - Level 1.4 Stealth
 + Level 4.4 Spellcasting
 + Level 1.3 Transmutations
 + Level 4.5 Earth Magic


You had 8 spell levels left.
You knew the following spells:

 Your Spells              Type           Power      Damage    Failure   Level
a - Sandblast             Erth           42%        2d11      1%          1
b - Passwall              Tmut/Erth      12%        N/A       6%          2

Your spell library contained the following spells:

 Spells                   Type           Power      Damage    Failure   Level
 Freeze                   Ice            16%        1d4       13%         1
 Stone Arrow              Conj/Erth      24%        3d8       16%         3
 Frozen Ramparts          Ice            8%         1d2       36%         3
 Petrify                  Tmut/Erth      15%        N/A       36%         4
 Hailstorm                Conj/Ice       4%         3d4       78%         4


Dungeon Overview and Level Annotations

Branches:
Dungeon (3/15) Zot: 79

Altars:
Fedhas

Shops:
D:1 (


Innate Abilities, Weirdness & Mutations

You passively map a small area around you.
You are easily found by Zot.
You glow in the dark.
You regain HP and MP as you explore.
You have sharp toenails.
You occasionally lose the ability to read scrolls when taking damage.


Message History

You hit the black bear.
The black bear is heavily wounded.
The black bear bites you!
You feel threatened and lose the ability to read scrolls!
The black bear claws you. x2
* * * LOW HITPOINT WARNING * * *
You cannot read scrolls in your current state!
You see here a +0 trident.
The black bear closely misses you.
The black bear claws you but does no damage.
The black bear claws you.
There is an open door here.
Things that are here:
a worm corpse; a ball python corpse You can read scrolls again.
There is an open door here.
The black bear attacks as you move away!
The black bear bites you but does no damage.
The black bear claws you. x2
You feel threatened and lose the ability to read scrolls!
The black bear attacks as you move away!
The black bear bites you.
* * * LOW HITPOINT WARNING * * *
The black bear claws you but does no damage.
The black bear claws you.
* * * LOW HITPOINT WARNING * * *
You can read scrolls again.
Casting: Sandblast (safe; 1% risk of failure)
Confirm with . or Enter, or press ? or * to list all spells.
Aiming: Sandblast (safe; 1% risk of failure)
Press: ? - help, Shift-Dir - straight line, f/p - black bear
Aim: a black bear (heavily wounded, 87% to hit)
The blast of sand hits the black bear but does no damage.
The black bear is heavily wounded.
The black bear bites you.
* * * LOW HITPOINT WARNING * * *
The black bear misses you. The black bear claws you.
* * * LOW HITPOINT WARNING * * *
The black bear completely misses you. The black bear claws you.
You die...

.....##.....####......#......#
............#.........#.##...####
............#.##......#.........#
####.#......#.##............###.#
.....#......#.############.## *,#
####.#........# #.# *
.###.###.##.############ #.#
......##.##.###......... ..#** *
~~.......##.#..h@.......,...,
≈≈~...#####.#..####+#######+*
≈≈~~..#####.#.###.....#* *
~≈≈~.....##...####...!.## ,
P~≈≈≈....####.#.###.....## , *
<~≈≈~.##.# #.#..###.....##*
♣~≈~~....# #.'...###....)#* ,
≈≈≈~..##.# #.#....####'##### #
≈≈~~.....# #.#.....#.....#.## #


You could see a black bear.

Vanquished Creatures
  2 adders
  2 worms
  2 dart slugs
  6 orcs (D:3)
  3 ball pythons
  5 bats
  3 endoplasms
  A giant cockroach (D:3)
  4 goblins
  3 hobgoblins
  A quokka (D:1)
  2 frilled lizards
  4 kobolds
  4 rats
42 creatures vanquished.

Notes
Turn   | Place    | Note
-------+----------+-------------------------------------------
     0 | D:1      | hawla the Meteoran Earth Elementalist began the quest for
                  | the Orb.
     0 | D:1      | Reached XP level 1. HP: 14/14 MP: 5/5
   172 | D:1      | Reached XP level 2. HP: 14/20 MP: 4/7
   218 | D:1      | Learned a level 2 spell: Passwall
   394 | D:1      | Found a faded altar of an unknown god.
   400 | D:1      | Found Tirysaonu's Weapon Shoppe.
   492 | D:1      | Glimpsed the power of Zot.
   512 | D:2      | Gained mutation: You have sharp toenails. [potion of
                  | mutation]
   512 | D:2      | Gained mutation: You occasionally lose the ability to read
                  | scrolls when taking damage. [potion of mutation]
   673 | D:2      | Reached XP level 3. HP: 26/26 MP: 5/8
  1087 | D:2      | Glimpsed the power of Zot.
  1225 | D:3      | Reached XP level 4. HP: 33/33 MP: 3/10
  1471 | D:3      | Found a blossoming altar of Fedhas.
  1665 | D:3      | Noticed a black bear
  1669 | D:3      | Glimpsed the power of Zot.
  1688 | D:3      | Slain by a black bear

Illustrated notes

Levels and vault maps discovered:
D:1:      mainiacjoe_arrival_reflecting_pool, layout_basic,
          hellmonk_ecumenical_altar_pennies_from_heaven, serial_shops,
          nicolae_shop_advertising_works [nicolae_subvault_shop_adworks],
          minmay_tripent
D:2:      layout_basic
D:3:      layout_loops_cross, fedhas_ov_isle_minmay, minmay_quadrilaterals

Skill      XL: |  1  2  3  4 |
---------------+-------------+-----
Spellcasting   | 3 4 |  4.4
Earth Magic    | 4 |  4.5
Fighting       | |  0.1
Dodging        | |  2.7
Stealth        | |  1.4
Transmutations | |  1.3

Action                   |  1- 3 |  4- 6 || total
-------------------------+-------+-------++-------
Melee: Short sword       |       |     6 ||     6
 Cast: Sandblast         |    33 |    30 ||    63
       Passwall          |     1 |     1 ||     2
  Use: Scroll            |     2 |       ||     2
       Potion            |     1 |       ||     1
Armor: Robe              |     1 |     7 ||     8
Dodge: Dodged            |     7 |    15 ||    22
